 Dungeon Crawl Stone Soup version 0.18-a0-49-gd105b5a (webtiles) character file.

1036 patman the Nimble (level 8, -1/50 HPs)
             Began as an Octopode Gladiator on Nov 7, 2015.
             Was a Priest of Cheibriados.
             Slain by a sky beast (5 damage)
             ... on level 5 of the Dungeon.
             The game lasted 00:07:01 (4520 turns).

patman the Nimble (Octopode Gladiator)              Turns: 4520, Time: 00:07:02

Health: -1/50      AC:  1    Str: 22    XL:     8   Next: 24%
Magic:  8/8        EV: 21    Int: 19    God:    Cheibriados [***...]
Gold:   228        SH:  0    Dex: 22    Spells: 0 memorised, 7 levels left

rFire  . . .     SeeInvis .     a - +0 flail
rCold  . . .     Clarity  .     (no shield)
rNeg   . . .     SustAt   .     b - +0 hat
rPois  .         Gourm    .     h - amulet of resist corrosion
rElec  .         Spirit   .     y - ring of loudness (curse)
rCorr  +         Warding  .     (no ring)
rMut   .         Stasis   .     (no ring)
MR     .....                    (no ring)
Stlth  ++........               (no ring)
                                (no ring)
                                (no ring)
                                (no ring)

@: very slow, not resistant to hostile enchantments, unstealthy
A: almost no armour, amphibious, 8 rings, constrict 8, camouflage 1, gelatinous
body 1
a: Bend Time, Temporal Distortion, Renounce Religion


You were on level 5 of the Dungeon.
You worshipped Cheibriados.
Cheibriados was most pleased with you.
You were hungry.

You visited 1 branch of the dungeon, and saw 5 of its levels.

You collected 228 gold pieces.

Inventory:

Hand Weapons
 a - a +0 flail (weapon)
Missiles
 c - 3 throwing nets (quivered)
 e - 213 stones
 f - 4 curare-tipped needles
 l - 5 javelins
Armour
 b - a +0 hat (worn)
Jewellery
 h - an amulet of resist corrosion (around mantle)
 y - a cursed ring of loudness (left tentacle)
Scrolls
 i - a scroll of teleportation
 j - a scroll of random uselessness {unknown}
 n - 2 scrolls of fear {unknown}
 p - a scroll of recharging
 q - a scroll of enchant armour {unknown}
 r - a scroll of magic mapping
 s - a scroll of blinking {unknown}
 t - a scroll of immolation {unknown}
 v - a scroll of amnesia {unknown}
 x - a scroll of remove curse {unknown}
Potions
 m - 2 potions of flight
 o - 2 potions of lignification
 w - a potion of resistance
 z - a potion of invisibility
 A - a potion of heal wounds
 B - a potion of cure mutation
Comestibles
 d - 3 bread rations
 g - a meat ration
 k - 3 beef jerkies
 u - 4 fruits
 C - a royal jelly


   Skills:
 - Level 2.0 Fighting
 - Level 3.8 Maces & Flails
 - Level 2.0 Throwing
 * Level 9.5 Dodging


You had 7 spell levels left.
You didn't know any spells.

Dungeon Overview and Level Annotations

Branches:
Dungeon (5/15)
 Temple: D:4-7

Altars:
Ashenzari
Cheibriados
Kikubaaqudgha
Okawaru
The Shining One

Annotations:
D:3 Duffy's ghost, amateur GrFE


Innate Abilities, Weirdness & Mutations

You cannot wear most types of armour.
You are amphibious.
You can wear up to eight rings at the same time.
You can use your tentacles to constrict eight enemies at once.
Your skin changes colour to match your surroundings (Stealth).
Your rubbery body absorbs attacks (AC +1).


Message History

A sky beast appears from thin air!
Reactivating autopickup.
The sky beast hits you.
* * * LOW HITPOINT WARNING * * *
The sky beast shocks you.
* * * LOW HITPOINT WARNING * * *
You miss the sky beast. Your squeeze misses the sky beast.
The sky beast is severely wounded.
The sky beast misses you.
You hit the sky beast.
The sky beast is almost dead.
The sky beast closely misses you.
The sky beast flickers out of sight!
Deactivating autopickup; reactivate with Ctrl-A.
Something completely misses you.
You closely miss something. Your squeeze misses something.
Something barely misses you.
You barely miss something. Something hits you.
* * * LOW HITPOINT WARNING * * *
Something shocks you.
You die...

#.....#
#.#.#..#.#
#..<..#
#.#.#..#.#
#.....#
#.#.#..#.#
#######
#.#.#..#.##
#.#.####..##
#..........#
#...#####..#
#..+#.#.#'.#
#.##..#.@###
#.#.._#_{.#
#.## #####
#. _5. #.
..# #.#+ ##


You could see a crimson imp.

Vanquished Creatures
  Sigmund (D:4)
  Duvessa (D:4)
  2 centaurs (D:5)
  Dowan (D:4)
  A giant frog zombie (D:4)
  A gnoll shaman (D:4)
  2 crimson imps (D:5)
  A worker ant (D:5)
  An iguana (D:4)
  4 orc wizards
  A hound skeleton (D:4)
  7 adders
  A worker ant zombie (D:5)
  8 gnolls
  A shadow imp (D:5)
  4 oozes
  3 worms
  4 giant geckos
  5 orcs
  4 bats
  8 giant cockroaches
  4 goblins
  4 hobgoblins
  2 ball pythons
  A giant gecko zombie (D:5)
  4 giant newts
  10 kobolds
  A quokka skeleton (D:5)
  10 rats
97 creatures vanquished.

Notes
Turn   | Place    | Note
--------------------------------------------------------------
     0 | D:1      | patman the Octopode Gladiator began the quest for the Orb.
     0 | D:1      | Reached XP level 1. HP: 14/14 MP: 1/1
    92 | D:1      | Reached XP level 2. HP: 16/19 MP: 2/2
   202 | D:1      | Found a snail-covered altar of Cheibriados.
   222 | D:1      | Became a worshipper of Cheibriados the Contemplative
   862 | D:2      | Reached * piety under Cheibriados
   877 | D:2      | Reached XP level 3. HP: 22/24 MP: 3/3
  1384 | D:2      | Reached skill level 4 in Dodging
  1648 | D:3      | Reached XP level 4. HP: 29/29 MP: 4/4
  1652 | D:3      | Found an iron altar of Okawaru.
  1688 | D:3      | Reached ** piety under Cheibriados
  2014 | D:3      | Noticed Duffy's ghost (amateur GrFE)
  2056 | D:4      | Reached skill level 5 in Dodging
  2056 | D:4      | Reached XP level 5. HP: 26/34 MP: 5/5
  2099 | D:4      | Noticed Sigmund
  2108 | D:4      | Killed Sigmund
  2108 | D:4      | Reached skill level 6 in Dodging
  2108 | D:4      | Reached XP level 6. HP: 21/39 MP: 6/6
  2682 | D:4      | Reached skill level 7 in Dodging
  2825 | D:4      | Noticed Duvessa
  2825 | D:4      | Noticed Dowan
  2830 | D:4      | Killed Duvessa
  2830 | D:4      | Reached XP level 7. HP: 33/45 MP: 7/7
  2833 | D:4      | Killed Dowan
  3032 | D:4      | Reached *** piety under Cheibriados
  3032 | D:4      | Reached skill level 8 in Dodging
  3419 | D:5      | Entered Level 5 of the Dungeon
  3936 | D:5      | Reached skill level 9 in Dodging
  3936 | D:5      | Reached XP level 8. HP: 44/50 MP: 8/8
  4501 | D:5      | Found a glowing golden altar of the Shining One.
  4501 | D:5      | Found an ancient bone altar of Kikubaaqudgha.
  4502 | D:5      | Found a shattered altar of Ashenzari.
  4520 | D:5      | Slain by a sky beast

Vault maps used:
D:1:      dpeg_arrival_rhombi, cheibriados_altar_1
D:3:      okawaru_gym_becter
D:4:      lemuel_statue_altar, uniq_sigmund, uniq_duvessa
D:5:      nicolae_overflow_quartered_altars, first_bread, gup_sewer_entry_bowl,
          minivault_25

Action                   |  1- 3 |  4- 6 |  7- 9 || total
-------------------------+-------+-------+-------++-------
Melee: Flail             |    58 |    63 |    79 ||   200
  Use: Scroll            |     5 |     2 |     3 ||    10
       Potion            |       |       |     1 ||     1
 Stab: Sleeping          |    10 |     5 |     5 ||    20
  Eat: Chunk             |     1 |     2 |     2 ||     5
